[ PARTIDA AOE2 · #474544035 ]
UnrankedMalíes vs Cumans
[ ANÁLISIS DE REPETICIÓN · EXTRAÍDO DE LA PARTIDA GRABADA ]
Feudal
11:07
Castillos
14:37
Imperial
28:48
| APM promedio | 31.0 |
| APM pico | 58 |
| eAPM promedio | 20.0 |
| Aldeanos / militares | 142 / 209 |
Foco
⚔️ 37.0% · 🌾 63.0%
Militia ×134 · Spearman ×65 · Trebuchet (Packed) ×5 · Gbeto ×3 · Bombard Cannon ×2
Feudal
10:36
Castillos
14:06
Imperial
28:26
| APM promedio | 27.3 |
| APM pico | 53 |
| eAPM promedio | 16.9 |
| Aldeanos / militares | 136 / 30 |
Foco
⚔️ 16.1% · 🌾 83.9%
Knight ×19 · Bombard Cannon ×6 · Trebuchet (Packed) ×4 · Monk ×1
Feudal
10:40
Castillos
14:36
Imperial
28:45
| APM promedio | 43.7 |
| APM pico | 117 |
| eAPM promedio | 21.6 |
| Aldeanos / militares | 106 / 28 |
Foco
⚔️ 28.9% · 🌾 71.1%
Knight ×18 · Trebuchet (Packed) ×6 · Kipchak ×2 · Mangonel ×2
Feudal
10:41
Castillos
14:36
Imperial
29:30
| APM promedio | 53.5 |
| APM pico | 119 |
| eAPM promedio | 35.7 |
| Aldeanos / militares | 230 / 154 |
Foco
⚔️ 35.7% · 🌾 64.3%
Chu Ko Nu ×144 · Trebuchet (Packed) ×9 · Trade Cart ×8 · Monk ×1
Mapa de la partida
Recursos iniciales + cada clic de construcción. Líneas = muros · curvas = relieve. ◆ oro · ⬟ piedra · ● bayas · ✦ reliquia · ◌ hueco del cierre
Tu base· ✓ Separados por el mapa
Base de MoNK· ✓ Separados por el mapa
Base de BoilingGiant· ✓ Separados por el mapa
Base de davis837· ✓ Separados por el mapa
Terreno inicial suavizado · ◌ = hueco del cierre detectado · pasá el cursor para detalles
Inputs por minuto
— The French Noob - - MoNK
Build order — The French Noob
Primeras 150 de 427 acciones detectadas
| 0:01 | Crear | Villager (Male) |
| 0:05 | Construir | House |
| 0:07 | Construir | House |
| 0:09 | Crear | Villager (Male) |
| 0:16 | Crear | Villager (Male) |
| 0:26 | Crear | Villager (Male) |
| 0:27 | Crear | Villager (Male) |
| 1:37 | Crear | Villager (Male) |
| 1:37 | Crear | Villager (Male) |
| 1:58 | Crear | Villager (Male) |
| 1:59 | Crear | Villager (Male) |
| 2:02 | Construir | Lumber Camp |
| 2:25 | Crear | Villager (Male) |
| 2:25 | Crear | Villager (Male) |
| 2:55 | Crear | Villager (Male) |
| 2:55 | Crear | Villager (Male) |
| 3:23 | Crear | Villager (Male) |
| 3:23 | Crear | Villager (Male) |
| 3:32 | Construir | House |
| 3:34 | Construir | House |
| 3:36 | Construir | House |
| 3:55 | Crear | Villager (Male) |
| 3:55 | Crear | Villager (Male) |
| 4:13 | Crear | Villager (Male) |
| 4:45 | Crear | Villager (Male) ×2 |
| 5:33 | Crear | Villager (Male) |
| 5:50 | Construir | Mill |
| 6:02 | Crear | Villager (Male) |
| 6:08 | Crear | Villager (Male) |
| 6:33 | Crear | Villager (Male) |
| 6:52 | Construir | Palisade Wall |
| 6:56 | Crear | Villager (Male) |
| 7:00 | Construir | Farm |
| 7:23 | Construir | Farm |
| 7:27 | Construir | Farm |
| 7:34 | Crear | Villager (Male) |
| 8:04 | Crear | Villager (Male) |
| 8:21 | Crear | Villager (Male) |
| 8:29 | Investigar | Feudal Age |
| 8:42 | Construir | Mining Camp |
| 10:01 | Crear | Villager (Male) |
| 10:01 | Crear | Villager (Male) |
| 11:07 | Edad | Edad Feudal |
| 11:09 | Construir | Market |
| 11:11 | Construir | Blacksmith |
| 11:54 | Investigar | Castle Age |
| 12:02 | Construir | House |
| 12:25 | Investigar | Double-Bit Axe |
| 12:26 | Investigar | Horse Collar |
| 12:52 | Crear | Villager (Male) |
| 13:56 | Construir | Farm |
| 13:58 | Construir | Farm |
| 14:00 | Construir | Farm |
| 14:02 | Construir | Farm |
| 14:37 | Edad | Edad de los Castillos |
| 14:43 | Construir | Town Center |
| 14:45 | Investigar | Bow Saw |
| 14:50 | Crear | Villager (Male) |
| 15:10 | Crear | Villager (Male) |
| 15:16 | Construir | Town Center |
| 15:36 | Crear | Villager (Male) |
| 15:37 | Construir | Farm |
| 15:55 | Construir | Farm |
| 16:00 | Crear | Villager (Male) |
| 16:07 | Construir | House |
| 16:09 | Construir | House |
| 16:23 | Construir | House |
| 16:26 | Crear | Villager (Male) |
| 16:36 | Construir | Farm |
| 16:40 | Crear | Villager (Male) |
| 17:03 | Crear | Villager (Male) |
| 17:07 | Investigar | Wheelbarrow |
| 17:09 | Crear | Villager (Male) |
| 17:09 | Crear | Villager (Male) |
| 17:17 | Crear | Villager (Male) |
| 17:20 | Construir | Farm |
| 17:23 | Construir | Farm |
| 17:30 | Construir | Farm |
| 17:33 | Crear | Villager (Male) |
| 17:41 | Construir | Farm |
| 17:42 | Crear | Villager (Male) |
| 17:48 | Construir | Farm |
| 18:01 | Construir | Farm |
| 18:02 | Crear | Villager (Male) |
| 18:09 | Construir | Farm |
| 18:11 | Crear | Villager (Male) |
| 18:12 | Crear | Villager (Male) |
| 18:16 | Construir | Farm |
| 18:22 | Construir | Farm |
| 18:23 | Crear | Villager (Male) |
| 18:39 | Construir | Farm |
| 18:41 | Crear | Villager (Male) |
| 18:46 | Crear | Villager (Male) |
| 18:48 | Construir | Farm |
| 18:50 | Construir | Farm |
| 18:54 | Crear | Villager (Male) |
| 18:54 | Crear | Villager (Male) |
| 18:56 | Construir | Farm |
| 19:02 | Construir | House |
| 19:03 | Construir | House |
| 19:04 | Construir | House |
| 19:05 | Construir | House |
| 19:06 | Crear | Villager (Male) |
| 19:10 | Crear | Villager (Male) |
| 19:11 | Crear | Villager (Male) |
| 19:18 | Crear | Villager (Male) |
| 19:19 | Crear | Villager (Male) |
| 19:26 | Construir | Farm |
| 19:27 | Crear | Villager (Male) |
| 19:38 | Crear | Villager (Male) |
| 19:42 | Construir | Farm |
| 19:44 | Construir | Farm |
| 19:46 | Construir | Farm |
| 19:47 | Crear | Villager (Male) |
| 19:47 | Crear | Villager (Male) |
| 19:49 | Construir | Farm |
| 20:00 | Crear | Villager (Male) |
| 20:09 | Investigar | Town Watch |
| 20:10 | Investigar | Loom |
| 20:12 | Crear | Villager (Male) |
| 20:12 | Crear | Villager (Male) |
| 20:31 | Construir | Town Center |
| 20:45 | Construir | Farm |
| 20:47 | Crear | Villager (Male) |
| 20:48 | Crear | Villager (Male) |
| 20:58 | Investigar | Heavy Plow |
| 21:01 | Crear | Villager (Male) |
| 21:01 | Crear | Villager (Male) |
| 21:03 | Construir | Farm |
| 21:04 | Construir | Mill |
| 21:09 | Construir | Mill |
| 21:09 | Crear | Villager (Male) |
| 21:12 | Construir | House |
| 21:13 | Construir | House |
| 21:15 | Crear | Villager (Male) |
| 21:29 | Crear | Villager (Male) |
| 21:30 | Crear | Villager (Male) |
| 21:30 | Crear | Villager (Male) |
| 21:30 | Crear | Villager (Male) |
| 21:33 | Construir | Farm |
| 21:40 | Construir | Farm |
| 21:43 | Crear | Villager (Male) |
| 21:43 | Crear | Villager (Male) |
| 21:57 | Crear | Villager (Male) |
| 21:57 | Crear | Villager (Male) |
| 21:59 | Crear | Villager (Male) |
| 22:01 | Construir | Farm |
| 22:04 | Construir | Farm |
| 22:06 | Construir | Farm |
| 22:09 | Construir | Farm |
Build order — MoNK
Primeras 150 de 302 acciones detectadas
| 0:02 | Crear | Villager (Male) |
| 0:02 | Crear | Villager (Male) |
| 0:02 | Crear | Villager (Male) |
| 0:04 | Construir | House |
| 0:06 | Construir | House |
| 0:09 | Crear | Villager (Male) |
| 0:09 | Crear | Villager (Male) |
| 1:23 | Crear | Villager (Male) |
| 2:03 | Crear | Villager (Male) |
| 2:18 | Construir | Lumber Camp |
| 2:28 | Crear | Villager (Male) |
| 2:52 | Investigar | Double-Bit Axe |
| 2:56 | Crear | Villager (Male) |
| 3:21 | Crear | Villager (Male) |
| 3:21 | Crear | Villager (Male) |
| 3:50 | Crear | Villager (Male) |
| 3:51 | Crear | Villager (Male) |
| 4:03 | Crear | Villager (Male) |
| 4:15 | Construir | House |
| 4:34 | Crear | Villager (Male) |
| 4:49 | Crear | Villager (Male) |
| 5:18 | Crear | Villager (Male) |
| 5:33 | Crear | Villager (Male) |
| 5:47 | Construir | Mill |
| 5:48 | Construir | House |
| 6:06 | Crear | Villager (Male) |
| 6:38 | Crear | Villager (Male) |
| 7:04 | Crear | Villager (Male) |
| 7:13 | Crear | Villager (Male) |
| 7:29 | Crear | Villager (Male) |
| 7:51 | Construir | Mining Camp |
| 8:01 | Construir | House |
| 8:16 | Investigar | Feudal Age |
| 10:18 | Crear | Villager (Male) |
| 10:36 | Edad | Edad Feudal |
| 10:39 | Construir | Market |
| 10:43 | Construir | Blacksmith |
| 10:58 | Crear | Villager (Male) |
| 11:26 | Investigar | Castle Age |
| 11:26 | Investigar | Castle Age |
| 11:43 | Construir | Farm |
| 11:43 | Construir | Farm |
| 11:45 | Construir | Farm |
| 11:54 | Investigar | Horse Collar |
| 11:54 | Investigar | Horse Collar |
| 12:15 | Investigar | Heavy Plow |
| 12:46 | Construir | Farm |
| 12:48 | Construir | Farm |
| 12:53 | Construir | Farm |
| 12:55 | Construir | Farm |
| 13:03 | Construir | House |
| 13:38 | Investigar | Bow Saw |
| 13:48 | Crear | Villager (Male) |
| 14:06 | Edad | Edad de los Castillos |
| 14:10 | Crear | Villager (Male) |
| 14:14 | Construir | Monastery |
| 14:44 | Crear | Villager (Male) |
| 15:04 | Crear | Monk |
| 15:07 | Crear | Villager (Male) |
| 15:28 | Construir | Town Center |
| 15:30 | Crear | Villager (Male) |
| 15:56 | Crear | Villager (Male) |
| 16:32 | Crear | Villager (Male) |
| 16:45 | Construir | Town Center |
| 16:46 | Crear | Villager (Male) |
| 16:57 | Crear | Villager (Male) |
| 17:17 | Crear | Villager (Male) |
| 17:22 | Crear | Villager (Male) |
| 17:36 | Construir | Farm |
| 17:37 | Construir | Farm |
| 17:39 | Construir | Farm |
| 17:40 | Crear | Villager (Male) |
| 17:44 | Construir | Farm |
| 17:46 | Construir | Farm |
| 17:47 | Crear | Villager (Male) |
| 17:57 | Crear | Villager (Male) |
| 18:05 | Construir | House |
| 18:22 | Crear | Villager (Male) |
| 18:22 | Crear | Villager (Male) |
| 18:23 | Crear | Villager (Male) |
| 18:26 | Construir | Farm |
| 18:29 | Construir | Farm |
| 18:31 | Construir | Farm |
| 18:32 | Construir | Farm |
| 18:34 | Construir | Farm |
| 18:36 | Crear | Villager (Male) |
| 18:41 | Crear | Villager (Male) |
| 18:45 | Crear | Villager (Male) |
| 18:55 | Crear | Villager (Male) |
| 19:04 | Construir | House |
| 19:09 | Construir | Town Center |
| 19:13 | Crear | Villager (Male) |
| 19:14 | Crear | Villager (Male) |
| 19:19 | Crear | Villager (Male) |
| 19:22 | Construir | Farm |
| 19:27 | Construir | Farm |
| 19:29 | Crear | Villager (Male) |
| 19:29 | Crear | Villager (Male) |
| 19:30 | Crear | Villager (Male) |
| 20:00 | Crear | Villager (Male) |
| 20:01 | Crear | Villager (Male) |
| 20:01 | Crear | Villager (Male) |
| 20:07 | Construir | Stone Wall |
| 20:16 | Investigar | Loom |
| 20:17 | Investigar | Wheelbarrow |
| 20:19 | Crear | Villager (Male) |
| 20:19 | Crear | Villager (Male) |
| 20:20 | Crear | Villager (Male) |
| 20:22 | Construir | House |
| 20:23 | Construir | House |
| 20:39 | Crear | Villager (Male) |
| 20:40 | Crear | Villager (Male) |
| 20:40 | Crear | Villager (Male) |
| 20:47 | Crear | Villager (Male) |
| 20:57 | Crear | Villager (Male) |
| 20:58 | Crear | Villager (Male) |
| 20:58 | Crear | Villager (Male) |
| 21:01 | Construir | Farm |
| 21:03 | Construir | Farm |
| 21:04 | Construir | Farm |
| 21:07 | Crear | Villager (Male) |
| 21:16 | Construir | Lumber Camp |
| 21:19 | Construir | Farm |
| 21:20 | Construir | Farm |
| 21:21 | Construir | Farm |
| 21:23 | Construir | Farm |
| 21:25 | Construir | Farm |
| 21:29 | Construir | Farm |
| 21:29 | Crear | Villager (Male) |
| 21:29 | Crear | Villager (Male) |
| 21:30 | Crear | Villager (Male) |
| 21:30 | Crear | Villager (Male) |
| 21:32 | Construir | Farm |
| 21:33 | Construir | Farm |
| 21:36 | Construir | Farm |
| 21:38 | Crear | Villager (Male) |
| 21:49 | Construir | Outpost |
| 21:53 | Investigar | Town Watch |
| 21:54 | Crear | Villager (Male) |
| 21:55 | Crear | Villager (Male) |
| 22:11 | Crear | Villager (Male) |
| 22:12 | Crear | Villager (Male) |
| 22:12 | Crear | Villager (Male) |
| 22:12 | Crear | Villager (Male) |
| 22:27 | Crear | Villager (Male) |
| 22:30 | Construir | Farm |
| 22:32 | Crear | Villager (Male) |
| 22:32 | Crear | Villager (Male) |
| 22:34 | Construir | Farm |
| 22:40 | Investigar | Crop Rotation |
Build order — BoilingGiant
Primeras 150 de 272 acciones detectadas
| 0:01 | Crear | Villager (Male) |
| 0:02 | Construir | House |
| 0:03 | Construir | House |
| 0:06 | Crear | Villager (Male) |
| 0:07 | Crear | Villager (Male) |
| 0:07 | Crear | Villager (Male) |
| 1:23 | Crear | Villager (Male) |
| 1:55 | Crear | Villager (Male) |
| 2:31 | Crear | Villager (Male) |
| 2:54 | Crear | Villager (Male) |
| 2:59 | Crear | Villager (Male) |
| 3:14 | Construir | House |
| 3:20 | Crear | Villager (Male) |
| 3:45 | Construir | House |
| 4:07 | Crear | Villager (Male) |
| 4:09 | Crear | Villager (Male) |
| 4:13 | Crear | Villager (Male) |
| 4:26 | Crear | Villager (Male) |
| 5:05 | Construir | Palisade Wall |
| 5:34 | Construir | Lumber Camp |
| 5:39 | Construir | Palisade Wall |
| 5:42 | Crear | Villager (Male) |
| 6:15 | Crear | Villager (Male) |
| 6:32 | Construir | House |
| 6:35 | Crear | Villager (Male) |
| 7:09 | Construir | Mill |
| 7:10 | Crear | Villager (Male) |
| 7:34 | Crear | Villager (Male) |
| 7:59 | Crear | Villager (Male) |
| 8:30 | Investigar | Feudal Age |
| 8:45 | Construir | Mining Camp |
| 10:11 | Crear | Villager (Male) |
| 10:11 | Crear | Villager (Male) |
| 10:40 | Edad | Edad Feudal |
| 10:45 | Construir | Market |
| 10:48 | Construir | Blacksmith |
| 11:56 | Investigar | Castle Age |
| 11:56 | Investigar | Castle Age |
| 13:23 | Investigar | Double-Bit Axe |
| 13:25 | Investigar | Horse Collar |
| 14:04 | Construir | Lumber Camp |
| 14:36 | Edad | Edad de los Castillos |
| 14:37 | Crear | Villager (Male) |
| 14:44 | Construir | Town Center |
| 14:46 | Crear | Villager (Male) |
| 14:48 | Investigar | Bow Saw |
| 15:11 | Crear | Villager (Male) |
| 15:12 | Construir | Farm |
| 15:34 | Construir | Farm |
| 15:50 | Construir | Farm |
| 15:50 | Construir | Farm |
| 15:51 | Construir | Farm |
| 15:53 | Crear | Villager (Male) |
| 15:56 | Construir | Farm |
| 16:09 | Construir | House |
| 16:19 | Crear | Villager (Male) |
| 16:21 | Crear | Villager (Male) |
| 16:31 | Crear | Villager (Male) |
| 16:35 | Construir | Farm |
| 16:45 | Construir | House |
| 16:58 | Construir | Town Center |
| 17:01 | Crear | Villager (Male) |
| 17:12 | Crear | Villager (Male) |
| 17:13 | Crear | Villager (Male) |
| 17:15 | Construir | Farm |
| 17:18 | Construir | House |
| 17:20 | Construir | Farm |
| 17:30 | Crear | Villager (Male) |
| 17:40 | Construir | Farm |
| 17:41 | Construir | Farm |
| 17:43 | Construir | Farm |
| 17:53 | Crear | Villager (Male) |
| 18:04 | Construir | Farm |
| 18:05 | Construir | Farm |
| 18:12 | Construir | Farm |
| 18:15 | Crear | Villager (Male) |
| 18:16 | Construir | Farm |
| 18:42 | Crear | Villager (Male) |
| 18:42 | Crear | Villager (Male) |
| 18:44 | Construir | Farm |
| 18:52 | Crear | Villager (Male) |
| 18:53 | Crear | Villager (Male) |
| 18:56 | Crear | Villager (Male) |
| 19:00 | Construir | Farm |
| 19:00 | Construir | Farm |
| 19:02 | Construir | Farm |
| 19:03 | Construir | Farm |
| 19:04 | Crear | Villager (Male) |
| 19:12 | Crear | Villager (Male) |
| 19:13 | Construir | Farm |
| 19:25 | Construir | Mining Camp |
| 19:26 | Crear | Villager (Male) |
| 19:34 | Crear | Villager (Male) |
| 19:36 | Construir | Farm |
| 19:42 | Crear | Villager (Male) |
| 19:44 | Construir | Farm |
| 19:50 | Crear | Villager (Male) |
| 20:03 | Crear | Villager (Male) |
| 20:20 | Construir | Palisade Wall |
| 20:26 | Crear | Villager (Male) |
| 20:36 | Construir | Farm |
| 20:40 | Construir | Outpost |
| 20:44 | Construir | Farm |
| 20:46 | Construir | Farm |
| 20:47 | Crear | Villager (Male) |
| 20:57 | Crear | Villager (Male) |
| 21:02 | Construir | House |
| 21:07 | Construir | Farm |
| 21:08 | Construir | Farm |
| 21:09 | Investigar | Heavy Plow |
| 21:12 | Investigar | Wheelbarrow |
| 21:13 | Crear | Villager (Male) |
| 21:26 | Crear | Villager (Male) |
| 21:33 | Crear | Villager (Male) |
| 21:39 | Crear | Villager (Male) |
| 21:43 | Crear | Villager (Male) |
| 21:50 | Crear | Villager (Male) |
| 21:53 | Crear | Villager (Male) |
| 22:01 | Investigar | Stone Mining |
| 22:02 | Investigar | Stone Mining |
| 22:06 | Crear | Villager (Male) |
| 22:09 | Construir | House |
| 22:12 | Crear | Villager (Male) |
| 22:14 | Construir | House |
| 22:16 | Construir | House |
| 22:28 | Crear | Villager (Male) |
| 22:34 | Construir | House |
| 22:35 | Crear | Villager (Male) |
| 22:46 | Crear | Villager (Male) |
| 22:50 | Crear | Villager (Male) |
| 22:54 | Construir | Lumber Camp |
| 22:58 | Construir | Farm |
| 23:04 | Construir | Farm |
| 23:04 | Crear | Villager (Male) |
| 23:07 | Crear | Villager (Male) |
| 23:10 | Construir | House |
| 23:33 | Crear | Villager (Male) |
| 23:36 | Investigar | Hand Cart |
| 23:37 | Crear | Villager (Male) |
| 23:48 | Construir | Farm |
| 23:49 | Crear | Villager (Male) |
| 24:05 | Construir | Palisade Gate |
| 24:31 | Construir | Castle |
| 24:42 | Construir | Lumber Camp |
| 25:00 | Investigar | Loom |
| 25:35 | Investigar | Imperial Age |
| 25:35 | Investigar | Imperial Age |
| 26:00 | Construir | Barracks |
| 26:06 | Crear | Villager (Male) |
| 26:24 | Crear | Kipchak |
Build order — davis837
Primeras 150 de 546 acciones detectadas
| 0:09 | Investigar | Loom |
| 0:09 | Investigar | Loom |
| 0:43 | Crear | Villager (Male) |
| 0:43 | Crear | Villager (Male) |
| 0:44 | Crear | Villager (Male) |
| 1:15 | Crear | Villager (Male) |
| 1:15 | Crear | Villager (Male) |
| 1:51 | Crear | Villager (Male) |
| 1:51 | Crear | Villager (Male) |
| 1:52 | Crear | Villager (Male) |
| 2:06 | Crear | Villager (Male) |
| 2:06 | Crear | Villager (Male) |
| 2:36 | Crear | Villager (Male) |
| 2:36 | Crear | Villager (Male) |
| 3:00 | Crear | Villager (Male) |
| 3:00 | Crear | Villager (Male) |
| 3:07 | Construir | House |
| 3:08 | Construir | House |
| 3:31 | Crear | Villager (Male) |
| 3:31 | Crear | Villager (Male) |
| 3:31 | Crear | Villager (Male) |
| 3:31 | Crear | Villager (Male) |
| 3:51 | Crear | Villager (Male) |
| 3:51 | Crear | Villager (Male) |
| 4:00 | Construir | Lumber Camp |
| 4:23 | Crear | Villager (Male) |
| 4:29 | Crear | Villager (Male) |
| 4:29 | Crear | Villager (Male) |
| 4:53 | Crear | Villager (Male) |
| 4:53 | Crear | Villager (Male) |
| 5:13 | Crear | Villager (Male) |
| 5:13 | Crear | Villager (Male) |
| 5:13 | Crear | Villager (Male) |
| 5:27 | Construir | Mill |
| 5:49 | Crear | Villager (Male) |
| 5:49 | Crear | Villager (Male) |
| 6:24 | Crear | Villager (Male) |
| 6:24 | Crear | Villager (Male) |
| 6:25 | Crear | Villager (Male) |
| 6:49 | Crear | Villager (Male) |
| 6:49 | Crear | Villager (Male) |
| 6:51 | Construir | Mining Camp |
| 7:15 | Construir | House |
| 8:21 | Investigar | Feudal Age |
| 10:09 | Construir | House |
| 10:10 | Construir | House |
| 10:22 | Crear | Villager (Male) |
| 10:23 | Crear | Villager (Male) |
| 10:41 | Edad | Edad Feudal |
| 10:46 | Construir | Market |
| 10:48 | Construir | Blacksmith |
| 11:25 | Crear | Villager (Male) |
| 11:46 | Investigar | Castle Age |
| 11:47 | Investigar | Castle Age |
| 11:47 | Investigar | Castle Age |
| 12:22 | Investigar | Double-Bit Axe |
| 12:23 | Investigar | Double-Bit Axe |
| 12:23 | Investigar | Double-Bit Axe |
| 13:19 | Construir | Lumber Camp |
| 13:25 | Investigar | Horse Collar |
| 13:25 | Investigar | Horse Collar |
| 13:25 | Investigar | Gold Mining |
| 13:47 | Crear | Villager (Male) |
| 14:36 | Edad | Edad de los Castillos |
| 14:38 | Crear | Villager (Male) |
| 14:46 | Construir | Town Center |
| 14:55 | Construir | Town Center |
| 14:56 | Crear | Villager (Male) |
| 15:13 | Construir | Farm |
| 15:13 | Construir | Farm |
| 15:14 | Construir | Farm |
| 15:16 | Construir | Farm |
| 15:18 | Crear | Villager (Male) |
| 15:42 | Construir | Farm |
| 16:05 | Crear | Villager (Male) |
| 16:06 | Crear | Villager (Male) |
| 16:09 | Construir | Farm |
| 16:13 | Construir | Farm |
| 16:20 | Construir | Farm |
| 16:26 | Crear | Villager (Male) |
| 16:26 | Crear | Villager (Male) |
| 16:26 | Crear | Villager (Male) |
| 16:27 | Crear | Villager (Male) |
| 16:31 | Construir | Farm |
| 16:35 | Crear | Villager (Male) |
| 16:36 | Crear | Villager (Male) |
| 16:36 | Crear | Villager (Male) |
| 16:38 | Construir | Farm |
| 16:47 | Construir | Farm |
| 17:04 | Construir | Farm |
| 17:05 | Construir | Farm |
| 17:06 | Construir | Farm |
| 17:10 | Crear | Villager (Male) |
| 17:10 | Crear | Villager (Male) |
| 17:10 | Crear | Villager (Male) |
| 17:19 | Construir | Farm |
| 17:22 | Construir | Farm |
| 17:22 | Crear | Villager (Male) |
| 17:33 | Crear | Villager (Male) |
| 17:34 | Crear | Villager (Male) |
| 17:38 | Construir | Farm |
| 17:39 | Construir | Farm |
| 17:40 | Construir | Farm |
| 17:40 | Crear | Villager (Male) |
| 18:00 | Construir | Farm |
| 18:01 | Construir | Farm |
| 18:03 | Crear | Villager (Male) |
| 18:03 | Crear | Villager (Male) |
| 18:03 | Crear | Villager (Male) |
| 18:07 | Crear | Villager (Male) |
| 18:08 | Crear | Villager (Male) |
| 18:08 | Crear | Villager (Male) |
| 18:10 | Construir | Farm |
| 18:21 | Construir | Farm |
| 18:21 | Crear | Villager (Male) |
| 18:22 | Crear | Villager (Male) |
| 18:29 | Construir | Farm |
| 18:31 | Crear | Villager (Male) |
| 18:31 | Crear | Villager (Male) |
| 18:32 | Crear | Villager (Male) |
| 18:32 | Crear | Villager (Male) |
| 18:39 | Crear | Villager (Male) |
| 18:39 | Crear | Villager (Male) |
| 18:39 | Crear | Villager (Male) |
| 18:49 | Construir | Monastery |
| 18:58 | Construir | Farm |
| 18:58 | Crear | Villager (Male) |
| 19:01 | Crear | Villager (Male) |
| 19:01 | Crear | Villager (Male) |
| 19:07 | Crear | Villager (Male) |
| 19:13 | Crear | Villager (Male) |
| 19:13 | Crear | Villager (Male) |
| 19:13 | Crear | Villager (Male) |
| 19:24 | Construir | Lumber Camp |
| 19:26 | Crear | Villager (Male) |
| 19:27 | Crear | Villager (Male) |
| 19:34 | Crear | Monk |
| 19:36 | Crear | Villager (Male) |
| 19:37 | Crear | Villager (Male) |
| 19:38 | Crear | Villager (Male) |
| 19:38 | Crear | Villager (Male) |
| 19:51 | Investigar | Wheelbarrow |
| 19:51 | Investigar | Wheelbarrow |
| 19:51 | Crear | Villager (Male) |
| 19:57 | Crear | Villager (Male) |
| 19:57 | Crear | Villager (Male) |
| 20:03 | Crear | Villager (Male) |
| 20:03 | Crear | Villager (Male) |
| 20:04 | Crear | Villager (Male) |
| 20:10 | Construir | Mining Camp |
Cronología de la partida
| 5:05 | BoilingGiant · wall_segment Palisade Wall x4 |
| 5:39 | BoilingGiant · wall_segment Palisade Wall x5 |
| 6:52 | The French Noob · wall_segment Palisade Wall x7 |
| 10:36 | MoNK · age_up feudal |
| 10:40 | BoilingGiant · age_up feudal |
| 10:41 | davis837 · age_up feudal |
| 11:07 | The French Noob · age_up feudal |
| 11:38 | davis837 · first_market_buy 100 food |
| 11:39 | davis837 · first_market_sell 100 wood |
| 11:54 | BoilingGiant · first_market_buy 100 food |
| 11:54 | BoilingGiant · first_market_sell 100 wood |
| 14:06 | MoNK · age_up castle |
| 14:14 | MoNK · first_building Monastery |
| 14:36 | BoilingGiant · age_up castle |
| 14:36 | davis837 · age_up castle |
| 14:37 | The French Noob · age_up castle |
| 16:18 | MoNK · first_market_buy 100 wood |
| 16:24 | MoNK · first_market_sell 100 food |
| 18:49 | davis837 · first_building Monastery |
| 20:07 | MoNK · wall_segment Stone Wall x3 |
| 20:20 | BoilingGiant · wall_segment Palisade Wall x1 |
| 23:23 | MoNK · wall_segment Palisade Wall x1 |
| 23:25 | MoNK · wall_segment Palisade Wall x1 |
| 23:26 | MoNK · wall_segment Palisade Wall x1 |
| 23:27 | MoNK · wall_segment Palisade Wall x1 |
| 23:28 | MoNK · wall_segment Palisade Wall x1 |
| 24:21 | MoNK · wall_segment Palisade Wall x1 |
| 24:22 | MoNK · wall_segment Palisade Wall x1 |
| 24:23 | MoNK · wall_segment Palisade Wall x1 |
| 24:25 | MoNK · wall_segment Palisade Wall x1 |
| 24:31 | BoilingGiant · first_building Castle |
| 24:41 | The French Noob · first_building Monastery |
| 25:20 | The French Noob · first_building Barracks |
| 25:38 | MoNK · wall_segment Palisade Wall x1 |
| 25:44 | MoNK · wall_segment Palisade Wall x1 |
| 25:46 | MoNK · wall_segment Palisade Wall x1 |
| 26:00 | BoilingGiant · first_building Barracks |
| 26:06 | MoNK · first_building Siege Workshop |
| 26:08 | davis837 · first_building Castle |
| 26:12 | MoNK · first_building Stable |
| 26:28 | MoNK · first_building Castle |
| 26:51 | BoilingGiant · first_building Stable |
| 26:57 | davis837 · first_building Archery Range |
| 27:36 | davis837 · wall_segment Stone Wall x3 |
| 27:45 | davis837 · wall_segment Stone Wall x11 |
| 28:01 | The French Noob · first_building Castle |
| 28:22 | The French Noob · first_building Siege Workshop |
| 28:26 | MoNK · age_up imperial |
| 28:45 | BoilingGiant · age_up imperial |
| 28:48 | The French Noob · age_up imperial |
| 29:30 | davis837 · age_up imperial |
| 31:15 | The French Noob · first_market_sell 500 food |
| 33:48 | BoilingGiant · first_building Siege Workshop |
| 36:54 | davis837 · resign |
[ ANÁLISIS IA · 1 CRÉDITO ]
¿Qué pasó realmente en esta partida?
Wolo.gg analiza cada decisión: build order, eco, micro, errores típicos por bracket. Análisis personalizado por WhatsApp o Discord en 30 segundos.
Guía civ
Malíes
Perfil
Jugador #1190575